 Dungeon Crawl Stone Soup version 0.29-a0-234-g0dae59b3db (webtiles) character file.

Game seed: 706363045205266287

15218 spaghetti the Spry (level 12, -10/72 HPs)
             Began as an Octopode Fighter on Mar 3, 2022.
             Was a Priest of Cheibriados.
             Mangled by a yak (17 damage)
             ... on level 10 of the Dungeon.
             The game lasted 00:16:59 (11228 turns).

spaghetti the Spry (Octopode Fighter)              Turns: 11228, Time: 00:17:00

Health: -10/72     AC:  1    Str: 29    XL:     12   Next: 24%
Magic:  23/29      EV: 27    Int: 18    God:    Cheibriados [***...]
Gold:   534        SH: 12    Dex: 25    Spells: 9/11 levels left

rFire   + . .      SeeInvis .   x - +11 mace "Oklev" {protect, Fly rPois Will- MP+9, mace}
rCold   . . .      Faith    .   h - +0 buckler
rNeg    . . .      Spirit   .   (helmet restricted)
rPois   +          Reflect  +   z - amulet of reflection
rElec   .          Harm     .   d - +6 ring of strength
rCorr   .          Rampage  .   y - ring of protection from fire
Will    .....                   (no ring)
Stlth   +++.......              (no ring)
HPRegen 0.22/turn               (no ring)
MPRegen 0.21/turn               (no ring)
                                (no ring)
                                (no ring)

@: mighty, about to teleport, flying, very slow
A: almost no armour, amphibious, 8 rings, camouflage 1, gelatinous body 1,
(nimble swimmer 1), tentacles
a: Renounce Religion, Bend Time, Temporal Distortion


You were on level 10 of the Dungeon.
You worshipped Cheibriados.
Cheibriados was most pleased with you.
You visited 1 branch of the dungeon, and saw 10 of its levels.

You collected 709 gold pieces.
You spent 175 gold pieces at shops.


Innate Abilities, Weirdness & Mutations

You cannot wear most types of armour.
You are amphibious.
You can wear up to eight rings at the same time.
Your skin changes colour to match your surroundings (Stealth+).
Your rubbery body absorbs attacks. (AC +1, EV +1)
((You are camouflaged when in or above water. (Stealth+)))
You have tentacles for arms and can constrict up to eight enemies at once.


   Skills:
 - Level 3.0 Fighting
 - Level 2.0 Long Blades
 - Level 15.0 Dodging
 + Level 7.9 Shields
 + Level 11.6 Invocations


You had 9 spell levels left.
You knew the following spells:

 Your Spells              Type           Power      Damage    Failure   Level
a - Blink                 Tloc           0%         N/A       38%         2

Your spell library contained the following spells:

 Spells                   Type           Power      Damage    Failure   Level
 Foxfire                  Conj/Fire      0%         2x1d4     26%         1
 Conjure Flame            Conj/Fire      0%         6-21      63%         3
 Dazzling Flash           Conj/Hex       0%         N/A       63%         3
 Inner Flame              Hex/Fire       0%         N/A       63%         3
 Flame Wave               Conj/Fire      0%         2d4       95%         4
 Iskenderun's Mystic Bla  Conj/Tloc      0%         2d3       95%         4
 Manifold Assault         Tloc           0%         N/A       100%        5
 Starburst                Conj/Fire      0%         6d3       100%        6
 Storm Form               Tmut/Air       0%         N/A       100%        7

Inventory:

Hand Weapons
 a - a +0 whip of electrocution {mace}
   (You took it off an orc on level 6 of the Dungeon)
 b - a +0 hunting sling {sling}
   (You found it on level 1 of the Dungeon)
 u - the +2 dagger "Wouwkuun" {vorpal, Str+2, short}
   (You bought it in a shop on level 2 of the Dungeon)

   It inflicts extra damage upon your enemies.
   Str:       It affects your strength (+2).
 x - the +11 mace "Oklev" (weapon) {protect, Fly rPois Will- MP+9, mace}
   (You found it on level 6 of the Dungeon)

   It grants its wielder temporary protection when it strikes (+7 to AC).
   rPois:     It protects you from poison.
   MP:        It affects your magic capacity (+9).
   Fly:       It grants you flight.
   Will:      It decreases your willpower.
Missiles
 g - 270 stones (quivered) {throwing}
 k - 2 throwing nets {=f!fthrowing}
 m - 10 curare-tipped darts {=fthrowing}
 s - 4 poisoned darts {throwing}
 v - 4 boomerangs {throwing}
Armour
 h - a +0 buckler (worn)
 q - a +2 tower shield
   (You found it on level 4 of the Dungeon)
Jewellery
 d - a +6 ring of strength (left tentacle)
   (You found it on level 1 of the Dungeon)
 y - a ring of protection from fire (right tentacle)
   (You found it on level 7 of the Dungeon)
 z - an amulet of reflection (around mantle)
   (You found it on level 8 of the Dungeon)
 F - a +6 ring of strength
   (You found it on level 10 of the Dungeon)
Wands
 t - a wand of iceblast (6)
   (You found it on level 6 of the Dungeon)
 A - a wand of flame (22)
   (You found it on level 9 of the Dungeon)
 C - a wand of acid (6)
   (You took it off Psyche on level 9 of the Dungeon)
 I - a wand of polymorph (1)
   (You found it on level 10 of the Dungeon)
Scrolls
 f - 2 scrolls of enchant weapon
 r - 3 scrolls of vulnerability {!r!r}
 B - a scroll of immolation {!r!r}
 E - 2 scrolls of identify {@r1}
 G - a scroll of fog
Potions
 c - a potion of might
 i - 2 potions of attraction {!q}
 j - a potion of cancellation
 l - a potion of flight
 n - a potion of brilliance
 o - 5 potions of haste {forbidden@q3}
 p - 2 potions of curing {@q1}
 w - a potion of lignification {!q}
 D - a potion of mutation {!q}

Dungeon Overview and Level Annotations

Branches:
Dungeon (10/15)            Temple (0/1) D:4
   Lair: D:8-11         Orc: D:9-12

Altars:
Ashenzari
Cheibriados
Elyvilon
Makhleb
Uskayaw

Shops:
D:2 (   D:7 *   D:10 *

Annotations:
D:9 exclusion: electric eel

.##)..##.#.##..##..#..#
.#.....#.#.#.##.##.#..#
.#.......รท.##.#..#....######
.#.....#.#.[###).#.#........
.##...##.#.......#.#............#
..#####..##.....##.#............#
#.......#####..##..#............#
####.###############.............
.........##...QY@.##.............
.#.#.#.#.#..#####).#..........###
)######### ##.#..........#
.#.#.#.#[# #.#..........#
.........# #.#..........#
.#.#.#.#.# #.#..........#
########.#. ##.#..#####...#
.#.#.#.#.#..#####.e#..'...#...#
...).....##.......##..#...#...###


You could see a tengu warrior and a yak.


Message History

You barely miss the yak. You block the yak's attack.
You hit the yak. You squeeze the yak. You block the yak's attack. ๐Ÿ˜• HP[+1]
You sock the yak!
You kill the yak!
Cheibriados thoroughly appreciates the change of pace.
You barely miss the yak. You squeeze the yak!
A tengu warrior comes into view.
It is wielding a +0 halberd and carrying a wand of digging (4).
The yak misses you.
A cyclops comes into view.
The cyclops shouts!
The tengu warrior shouts!
You sock the yak! You squeeze the yak! The yak misses you.
You block the yak's attack.
You sock the yak!
You kill the yak!
Cheibriados appreciates the change of pace. ๐Ÿ˜• HP[+1]
You thump the yak! You block the yak's attack. The cyclops hits you.
An orc knight comes into view. It is wielding a +0 bardiche.
You block the yak's attack. ๐Ÿ˜• HP[-4]
You take 4 damage, and now have 64/72 hp.
You sock the yak! You squeeze the yak, but do no damage. The cyclops hits you!!
The yak gores you!
* * * LOW HITPOINT WARNING * * *
You are too injured to fight recklessly! ๐Ÿ˜จ HP[-29]
You take 29 damage, and now have 35/72 hp.
MASSIVE DAMAGE!! (PAUSE)
Okay, then.
The flow of time bends around you.
Cheibriados rebukes the yak.
The yak seems to slow down.
Cheibriados rebukes the cyclops.
The cyclops seems to slow down.
You block the yak's attack.
The cyclops hits you but does no damage.
The tengu warrior hits you from afar with a +0 halberd!
* * * LOW HITPOINT WARNING * * *
๐Ÿ˜จ HP[-10] MP[-3]
You take 10 damage, and now have 25/72 hp.
You lost 3 mp, and now have 26/29 mp.
Unknown command.
Activating: Slouch (1% risk of failure)
Press: ? - help, Dir - look around, f - activate You can feel time thicken for a moment.
Cheibriados appreciates the change of pace.
You can no longer inflict damage on those overly hasty.
Cheibriados lowers the support of your attributes as your movement quickens.
You block the tengu warrior's attack.
The yak gores you but does no damage. ๐Ÿ˜จ MP[-5]
You lost 5 mp, and now have 21/29 mp.
You feel much better.
The tengu warrior hits you from afar with a +0 halberd.
The cyclops completely misses you. ๐Ÿ˜ฎ HP[+12]
You regained 12 hp, and now have 37/72 hp.
You feel very mighty all of a sudden. The yak misses you.
The tengu warrior barely misses you.
You sock the cyclops!
Your weapon exudes an aura of protection.
You squeeze the cyclops!
The tengu warrior hits you from afar with a +0 halberd!!
* * * LOW HITPOINT WARNING * * *
You block the yak's attack. ๐Ÿ˜ฑ HP[-21] MP[+1]
You take 21 damage, and now have 16/72 hp.
MASSIVE DAMAGE!! (PAUSE)
Okay, then.
You sock the cyclops! You tentacle-slap the cyclops. You squeeze the cyclops.
You block the tengu warrior's attack. The yak misses you.
The cyclops closely misses you.
The tengu warrior hits you from afar with a +0 halberd.
* * * LOW HITPOINT WARNING * * *
๐Ÿ˜ฑ HP[-1]
You take 1 damage, and now have 15/72 hp.
You sock the cyclops!
You kill the cyclops!
The tengu warrior hits you but does no damage.
The yak barely misses you.
Okay, then.
As you read the scroll of fear, it crumbles to dust.
You assume a fearsome visage.
The tengu warrior easily resists.
The orc knight looks frightened!
The yak looks frightened!
The yak is no longer moving slowly.
The tengu warrior completely misses you.
Cornered, the yak turns to fight!
Things that are here:
4 large rocks {=fthrowing}; a cyclops corpse ๐Ÿ˜ฑ HP[+1] MP[+1]
As you read the scroll of teleportation {@r4}, it crumbles to dust.
You feel strangely unstable. The yak gores you!
* * * LOW HITPOINT WARNING * * *
๐Ÿ˜ฑ HP[-10]
You take 10 damage, and now have 6/72 hp.
You feel better.
The tengu warrior hits you from afar with a +0 halberd!
* * * LOW HITPOINT WARNING * * *
The yak gores you!
You die...

Skill      XL: |  1  2  3  4  5  6  7  8  9 10 11 |
---------------+----------------------------------+-----
Dodging        | 4 5 6 7 9 11 13 14 15 | 15.0
Invocations    | 8 11 | 11.6
Shields        | 7 |  7.9
Fighting       | |  3.0
Long Blades    | |  2.0

Action                   |  1- 3 |  4- 6 |  7- 9 | 10-12 || total
-------------------------+-------+-------+-------+-------++-------
Melee: Long sword        |    26 |    97 |    34 |       ||   157
       Constrict         |     6 |    35 |    49 |    37 ||   127
       Tentacles         |     2 |    28 |    54 |    75 ||   159
       Dagger            |       |       |    80 |       ||    80
       Punch             |       |       |     4 |     7 ||    11
       Mace              |       |       |    29 |   297 ||   326
       Whip              |       |       |    19 |       ||    19
 Fire: Hunting sling     |    33 |    12 |    31 |       ||    76
Throw: Stone             |     9 |    15 |     1 |    10 ||    35
Invok: Slouch            |       |       |       |     8 ||     8
       Bend Time         |       |       |       |     7 ||     7
       Temporal Distorti |       |       |       |     1 ||     1
  Use: Scroll            |     3 |     6 |     4 |     8 ||    21
       Potion            |     2 |     2 |     3 |     5 ||    12
 Stab: Sleeping          |     1 |     9 |     7 |     4 ||    21
       Distracted        |       |       |     1 |       ||     1
Armor: Skin              |     4 |     6 |     5 |    40 ||    55
Dodge: Dodged            |    28 |    53 |   121 |   372 ||   574
Block: Buckler           |     9 |    25 |    45 |   217 ||   296

Levels and vault maps discovered:
D:1:      dpeg_arrival_more_subterranean_lakeside_camping, layout_basic,
          dreamdust_ecumenical_altar_hidden_monk_grotto
D:2:      layout_loops_ring, serial_shops, shop, uniq_jessica, uniq_natasha,
          uniq_terence
D:3:      layout_loops_corners, mainiacjoe_overflow_alcove_1,
          lightli_sewer_entry_pipes, uniq_robin
D:4:      layout_basic, eat_drink_and_be_merry_uskayaw, temple_green,
          serial_glass, glass_columns_b, glass_columns_a
D:5:      layout_basic, demons_altar, kennysheep_another_room, uniq_duvessa
D:6:      layout_basic, uniq_crazy_yiuf_cottage, uniq_menkaure
D:7:      erik_cavepeople, layout_basic, elyvilon_altar_5,
          corexii_item_surrounded_by_moat, hex_tiny, minmay_holes,
          nicolae_shop_sticking_my_neck_out
D:8:      layout_cave_pools, uniq_pikel
D:9:      layout_basic, erik_lair_island, serial_glass, glass_columns_a,
          glass_columns_a, uniq_psyche
D:10:     minmay_the_grid_3x2 [minmay_the_grid_paths, minmay_the_grid_slots,
          minmay_the_grid_dragon_b, minmay_the_grid_square_x,
          minmay_the_grid_aliased_spiral, minmay_the_grid_prize_inner_circle],
          layout_irregular_city, nicolae_blasting_shop, grunt_decor_cap,
          uniq_erolcha

Notes
Turn   | Place    | Note
-------+----------+-------------------------------------------
     0 | D:1      | spaghetti the Octopode Fighter began the quest for the Orb.
     0 | D:1      | Reached XP level 1. HP: 16/16 MP: 1/1
     0 | D:1      | magus.rc [v1.9.6]
   199 | D:1      | Found a faded altar of an unknown god.
   232 | D:1      | Reached XP level 2. HP: 21/21 MP: 2/2
   258 | D:1      | Prayed at the altar of an unknown god.
   258 | D:1      | Became a worshipper of Cheibriados the Contemplative
   258 | D:1      | Reached * piety under Cheibriados
   852 | D:1      | Reached skill level 4 in Dodging
   947 | D:2      | Reached ** piety under Cheibriados
   978 | D:2      | Reached XP level 3. HP: 18/26 MP: 3/3
  1219 | D:2      | Noticed Jessica
  1227 | D:2      | Killed Jessica
  1392 | D:2      | Noticed Natasha
  1400 | D:2      | HP: 4/26 [Natasha/magic dart (7)]
  1403 | D:2      | Killed Natasha
  1404 | D:2      | Reached skill level 5 in Dodging
  1404 | D:2      | Reached XP level 4. HP: 21/31 MP: 4/4
  1406 | D:2      | Noticed Natasha
  1413 | D:2      | Killed Natasha
  1533 | D:2      | Found Zoduyq's Antique Weapon Boutique.
  1744 | D:2      | Noticed Natasha
  1749 | D:2      | Killed Natasha
  1750 | D:2      | Reached XP level 5. HP: 27/36 MP: 5/5
  1830 | D:2      | Noticed Terence
  1834 | D:2      | Killed Terence
  2028 | D:3      | Noticed Robin
  2041 | D:3      | Killed Robin
  2042 | D:3      | Reached skill level 6 in Dodging
  2411 | D:3      | Reached XP level 6. HP: 42/42 MP: 6/6
  2436 | D:3      | Reached *** piety under Cheibriados
  2708 | D:3      | Reached skill level 7 in Dodging
  3224 | D:3      | Found a broken altar of Ashenzari.
  3415 | D:4      | Reached **** piety under Cheibriados
  3419 | D:4      | Reached XP level 7. HP: 35/46 MP: 7/7
  3495 | D:4      | Found a hide-covered altar of Uskayaw.
  3509 | D:5      | Entered Level 5 of the Dungeon
  3542 | D:4      | Reached skill level 8 in Dodging
  3577 | D:4      | You add the spells Blink, Manifold Assault and Storm Form
                  | to your library.
  3585 | D:4      | Found a staircase to the Ecumenical Temple.
  3976 | D:4      | Reached skill level 9 in Dodging
  4125 | D:2      | Bought a scorched dagger for 175 gold pieces
  4125 | D:2      | Identified the +2 dagger "Wouwkuun" {vorpal, Str+2} (You
                  | bought it in a shop on level 2 of the Dungeon)
  4316 | D:5      | Reached XP level 8. HP: 39/52 MP: 8/8
  4584 | D:5      | Reached ***** piety under Cheibriados
  4603 | D:5      | Noticed Dowan
  4604 | D:5      | Noticed Duvessa
  4614 | D:5      | Killed Dowan
  4615 | D:5      | Killed Duvessa
  4616 | D:5      | Reached skill level 10 in Dodging
  4949 | D:5      | Learned a level 2 spell: Blink
  5145 | D:5      | Found a burning altar of Makhleb.
  5173 | D:5      | Reached skill level 11 in Dodging
  5598 | D:6      | Reached XP level 9. HP: 16/56 MP: 9/9
  6323 | D:6      | Noticed Menkaure
  6327 | D:6      | Killed Menkaure
  6328 | D:6      | Reached skill level 12 in Dodging
  6563 | D:6      | Found a runed translucent door.
  6564 | D:6      | Noticed Crazy Yiuf
  6570 | D:6      | Identified the +11 mace "Oklev" {protect, Fly rPois Will-
                  | MP+9}
  6571 | D:6      | Killed Crazy Yiuf
  6765 | D:7      | Reached skill level 13 in Dodging
  6784 | D:7      | Reached XP level 10. HP: 53/63 MP: 10/10
  6790 | D:7      | Reached skill level 14 in Dodging
  6986 | D:7      | HP: 10/63 [centaur/arrow (14)]
  6986 | D:7      | HP: 2/63 [centaur/arrow (8)]
  7511 | D:7      | Found a white marble altar of Elyvilon.
  7674 | D:7      | Reached skill level 1 in Invocations
  7688 | D:6      | Reached skill level 2 in Invocations
  7890 | D:7      | Reached skill level 3 in Invocations
  8010 | D:7      | Found Alotuupe's Neck Hole.
  8201 | D:8      | Reached skill level 4 in Invocations
  8265 | D:8      | Noticed Pikel
  8395 | D:7      | Reached skill level 5 in Invocations
  8570 | D:8      | Killed Pikel
  8570 | D:8      | Reached ****** piety under Cheibriados
  8571 | D:8      | Reached skill level 6 in Invocations
  8603 | D:8      | You pick up a book of Flames and begin reading...
  8603 | D:8      | You add the spells Foxfire, Conjure Flame, Inner Flame and
                  | Flame Wave to your library.
  8927 | D:8      | Reached skill level 7 in Invocations
  8942 | D:8      | You pick up a book of Spectacle and begin reading...
  8942 | D:8      | You add the spells Dazzling Flash, Iskenderun's Mystic
                  | Blast and Starburst to your library.
  9267 | D:9      | HP: 14/63 [orc warrior/+0 halberd (17)]
  9559 | D:9      | Noticed Psyche
  9562 | D:9      | Noticed a two-headed ogre
  9566 | D:9      | Killed Psyche
  9569 | D:9      | Killed a two-headed ogre
  9570 | D:9      | Reached skill level 8 in Invocations
  9570 | D:9      | Reached XP level 11. HP: 50/67 MP: 15/17
  9575 | D:9      | Reached skill level 15 in Dodging
  9775 | D:10     | Entered Level 10 of the Dungeon
  9849 | D:10     | Found Biacohi's Demolitions Depot.
  9892 | D:10     | Reached skill level 9 in Invocations
  9897 | D:10     | Reached skill level 4 in Shields
 10056 | D:10     | Noticed a swamp dragon
 10061 | D:10     | Killed a swamp dragon
 10116 | D:10     | Noticed a centaur warrior
 10124 | D:10     | Killed a centaur warrior
 10125 | D:10     | Reached skill level 5 in Shields
 10211 | D:10     | Noticed a two-headed ogre
 10220 | D:10     | Killed a two-headed ogre
 10221 | D:10     | Reached skill level 10 in Invocations
 10397 | D:10     | Noticed a four-headed hydra
 10407 | D:10     | Killed a four-headed hydra
 10408 | D:10     | Reached skill level 6 in Shields
 10686 | D:10     | Noticed a two-headed ogre
 10695 | D:10     | Killed a two-headed ogre
 10810 | D:10     | Noticed a six-headed hydra
 10814 | D:10     | Noticed a two-headed ogre
 10819 | D:10     | Killed a six-headed hydra
 10826 | D:10     | Killed a two-headed ogre
 10827 | D:10     | Reached skill level 7 in Shields
 10827 | D:10     | Reached skill level 11 in Invocations
 10827 | D:10     | Reached XP level 12. HP: 46/72 MP: 20/20
 11185 | D:10     | Noticed an ogre mage
 11191 | D:10     | Killed an ogre mage
 11213 | D:10     | Noticed a tengu warrior
 11222 | D:10     | HP: 16/72 [tengu warrior/+0 halberd (22)]
 11227 | D:10     | HP: 6/72 [yak (10)]
 11228 | D:10     | Mangled by a yak

Vanquished Creatures
  2 hydras (D:10)
  An ogre mage (D:10)
  4 two-headed ogres
  A centaur warrior (D:10)
  A swamp dragon (D:10)
  Pikel (D:8)
  A cyclops (D:10)
  Psyche (D:9)
  2 trolls
  2 hornets
  19 yaks
  A shadow (D:10)
  A vampire (D:10)
  5 humans (D:7)
  A vampire mosquito (D:10)
  Menkaure (D:6)
  An acid dragon (D:10)
  Duvessa (D:5)
  2 water moccasins (D:7)
  An ice beast (D:6)
  3 sky beasts
  A black bear (D:5)
  4 ogres
  A wolf (D:9)
  4 centaurs
  2 lemures (D:7)
  A kobold brigand (D:6)
  3 bullfrogs
  A gnoll sergeant (D:7)
  5 scorpions
  A wight (D:10)
  Dowan (D:5)
  5 killer bees (D:8)
  2 howler monkeys (D:8)
  Crazy Yiuf (D:6)
  3 iron imps (D:5)
  6 hounds
  3 gnoll shamans
  7 orc priests
  A jelly (D:8)
  6 iguanas
  Jessica (D:2)
  Natasha (thrice) (D:2)
  11 orc wizards
  Terence (D:2)
  Robin (D:3)
  25 gnolls
  A river rat (D:3)
  10 adders
  2 white imps (D:6)
  A howler monkey simulacrum (D:10)
  An ufetubus (D:5)
  3 worms (D:3)
  A dart slug (D:1)
  25 orcs
  11 ball pythons
  2 endoplasms (D:1)
  5 giant cockroaches
  12 goblins
  7 hobgoblins
  8 jackals
  A quokka (D:2)
  3 bats
  A frilled lizard (D:3)
  14 kobolds
  9 rats
269 creatures vanquished.

Vanquished Creatures (others)
  A fungus (D:6)
1 creature vanquished.

Grand Total: 270 creatures vanquished

Table legend:
 A = Non-vault XP
 B = Vault XP
 C = Vault XP percentage of total XP
 D = Non-vault monster count
 E = Vault monster count
 F = Vault count percentage of total count
                 A         B        C        D         E       F
            +---------+---------+-------+---------+---------+-------
      Total |    9778 |   11962 |  55.0 |     198 |      69 |  25.8
            +---------+---------+-------+---------+---------+-------
        D:1 |      29 |       0 |   0.0 |      17 |       0 |   0.0
        D:2 |      90 |     105 |  53.8 |      13 |       3 |  18.8
        D:3 |     205 |     124 |  37.7 |      30 |      20 |  40.0
        D:4 |     622 |       0 |   0.0 |      24 |       0 |   0.0
        D:5 |     545 |     337 |  38.2 |      20 |       5 |  20.0
        D:6 |     830 |     209 |  20.1 |      18 |       2 |  10.0
        D:7 |    1404 |    2318 |  62.3 |      27 |      16 |  37.2
        D:8 |     970 |     607 |  38.5 |      17 |       1 |   5.6
        D:9 |    1345 |     956 |  41.5 |      14 |       7 |  33.3
       D:10 |    3738 |    7306 |  66.2 |      18 |      15 |  45.5
            +---------+---------+-------+---------+---------+-------

Illustrated notes

Table legend:
 A = Kills in this place as a percentage of kills in entire the game.
 B = Kills by you in this place as a percentage of kills by you in the entire game.
 C = Kills by friends in this place as a percentage of kills by friends in the entire game.
 D = Other kills in this place as a percentage of other kills in the entire game.
 E = Experience gained in this place as a percentage of experience gained in the entire game.
 F = Experience gained in this place divided by the number of levels of this place that you have seen.
                   A       B       C       D       E      F
               +-------+-------+-------+-------+-------+----------------------
         Total | 100.0 | 100.0 |   N/A |   N/A | 100.0 | 2174.0
       Dungeon | 100.0 | 100.0 |   N/A |   N/A | 100.0 | 2174.0
               +-------+-------+-------+-------+-------+----------------------

Table legend: (Time is in decaauts)
 A = Elapsed time spent in this place.
 B = Non-inter-level travel time spent in this place.
 C = Inter-level travel time spent in this place.
 D = Time resting spent in this place.
 E = Time spent auto-exploring this place.
 F = Levels seen in this place.
 G = Mean time per level.
                   A        B        C        D        E       F      G
               +--------+--------+--------+--------+--------+-----+--------+
         Total |  15460 |  14703 |    757 |   3239 |   9359 |  10 | 1546.0 |
       Dungeon |  15460 |  14703 |    757 |   3239 |   9359 |  10 | 1546.0 |
               +--------+--------+--------+--------+--------+-----+--------+

Top non-repeatable levels by time:
     D:7: 2468 daAuts
     D:6: 2205 daAuts
     D:3: 1976 daAuts
    D:10: 1805 daAuts
     D:2: 1455 daAuts
     D:5: 1410 daAuts
     D:4: 1157 daAuts
     D:1: 1081 daAuts
     D:8: 1069 daAuts
     D:9: 828 daAuts
